 Dungeon Crawl Stone Soup version 0.27-a0-1060-gcb85b5eba1 (webtiles) character file.

Game seed: 10873032419827811545

8 kae the Ruffian (level 2, -1/25 HPs)
             Began as a Naga Transmuter on Apr 21, 2021.
             Slain by a jackal (3 damage)
             ... on level 1 of the Dungeon.
             The game lasted 00:00:20 (312 turns).

kae the Ruffian (Naga Transmuter)                    Turns: 312, Time: 00:00:21

Health: -1/25      AC:  1    Str: 12    XL:     2   Next: 8%
Magic:  3/5        EV: 10    Int: 13    God:
Gold:   9          SH:  0    Dex: 11    Spells: 4/5 levels left

rFire    . . .     SeeInvis +     - Unarmed
rCold    . . .     Faith    .   (no shield)
rNeg     . . .     Spirit   .   a - +0 robe
rPois    +         Reflect  .   (helmet currently unavailable)
rElec    .         Harm     .   (no cloak)
rCorr    .         Rampage  .   (no gloves)
Will     .....                  (no barding)
Stlth    +.........             (no amulet)
HPRegen  0.08/turn              (no ring)
MPRegen  0.09/turn              (no ring)

@: appendages (expiring), very slow
A: horns 2, AC +0, large, see invisible, deformed body, poison resistance,
slowness 2, spit poison 1, naga tail 1
a: Spit Poison, End Transformation


You were on level 1 of the Dungeon.
You had temporarily grown beastly horns.
You visited 1 branch of the dungeon, and saw 1 of its levels.

You collected 9 gold pieces.

Inventory:

Armour
 a - a +0 robe (worn)


   Skills:
 + Level 1.1 Fighting
 + Level 1.7 Dodging
 * Level 3.1 Unarmed Combat
 + Level 2.0 Spellcasting
 * Level 2.3 Transmutations


You had 4 spell levels left.
You knew the following spells:

 Your Spells              Type           Power      Damage    Failure   Level
a - Beastly Appendage     Tmut           14%        N/A       10%         1

Your spell library contained the following spells:

 Spells                   Type           Power      Damage    Failure   Level
 Wereblood                Tmut           7%         N/A       16%         2
 Spider Form              Tmut/Pois      2%         N/A       43%         3
 Ice Form                 Ice/Tmut       4%         N/A       85%         4
 Hydra Form               Tmut           3%         N/A       95%         5


Dungeon Overview and Level Annotations

Branches:
Dungeon (1/15)

Altars:


Innate Abilities, Weirdness & Mutations

You have temporarily grown beastly horns.
Your serpentine skin is tough. (AC +0)
You have supernaturally acute eyesight. (SInv)
Armour fits poorly on your strangely shaped body.
Your system is resistant to poisons. (rPois)
You cover ground very slowly.
You can spit poison.
You have a snake-like lower body.


Message History

A dart slug comes into view.
You hit the jackal.
You kill the jackal!
The jackal barely misses you. The jackal closely misses you.
You barely miss the jackal.
You have got your breath back.
The dart slug launches a dart at you. The slug dart hits you.
The jackal completely misses you.
The jackal bites you but does no damage.
You barely miss the jackal. The jackal bites you.
You barely miss the jackal.
The jackal bites you but does no damage.
The jackal closely misses you.
You hit the jackal but do no damage. The jackal bites you.
You barely miss the jackal. The rat bites you. The jackal barely misses you.
Press: ? - help, Shift-Dir - straight line, f - jackal
Aim: a jackal The splash of poison misses the jackal.
Your horns disappear.
The jackal completely misses you. The rat bites you but does no damage.
The jackal bites you.
You hit the rat but do no damage. The rat bites you. The jackal bites you.
You closely miss the rat. The rat closely misses you.
The jackal barely misses you.
You barely miss the rat. The jackal bites you. The rat closely misses you.
Casting: Beastly Appendage (safe; 10% risk of failure)
Confirm with . or Enter, or press ? or * to list all spells.
You grow a pair of large bovine horns.
Your transformation is almost over.
You have got your breath back.
The jackal bites you.
* * * LOW HITPOINT WARNING * * *
The rat bites you.
* * * LOW HITPOINT WARNING * * *
The jackal bites you.
* * * LOW HITPOINT WARNING * * *
The rat barely misses you. The jackal barely misses you.
You aren't carrying any potions.
You barely miss the rat. The jackal bites you.
You die...

####### . #.....## ..
#####+########..#
..##......... ##.#
.......... ..# #.# #.
#†.r.# #.# #.#
#..##..h@# #.# #.#
.......w## #.# #.#
........####.# ###.#
...........#.####...#
......####..........#
...........#.##.....#
..............+++''.#
..............+++''.#
..............++_''.#


You could see a dart slug, a jackal and a rat.

Vanquished Creatures
  An endoplasm (D:1)
  A giant cockroach (D:1)
  A hobgoblin (D:1)
  3 jackals (D:1)
6 creatures vanquished.

Notes
Turn   | Place    | Note
-------+----------+-------------------------------------------
     0 | D:1      | kae the Naga Transmuter began the quest for the Orb.
     0 | D:1      | Reached XP level 1. HP: 18/18 MP: 3/3
   240 | D:1      | Found a faded altar of an unknown god.
   296 | D:1      | Reached XP level 2. HP: 25/25 MP: 3/5
   312 | D:1      | Slain by a jackal

Illustrated notes

Levels and vault maps discovered:
D:1:      lemuel_arrival_funnel, layout_rooms,
          hellmonk_ecumenical_altar_heavens_door,
          amcnicky_mini_rare_corridor_liquid, minmay_fountain_box

Action                   || total
-------------------------++-------
Melee: Unarmed           ||    18
       Headbutt          ||     1
 Cast: Beastly Appendage ||     3
 Abil: Spit Poison       ||     6
Armor: Robe              ||     3
Dodge: Dodged            ||    15

Table legend: (Time is in decaauts)
 A = Elapsed time spent in this place.
 B = Non-inter-level travel time spent in this place.
 C = Inter-level travel time spent in this place.
 D = Time resting spent in this place.
 E = Time spent auto-exploring this place.
 F = Levels seen in this place.
 G = Mean time per level.
                   A        B        C        D        E       F      G
               +--------+--------+--------+--------+--------+-----+--------+
         Total |    353 |    353 |      0 |      0 |    314 |   1 |  353.0 |
       Dungeon |    353 |    353 |      0 |      0 |    314 |   1 |  353.0 |
               +--------+--------+--------+--------+--------+-----+--------+

Top non-repeatable levels by time:
     D:1: 353 daAuts
